 Dungeon Crawl Stone Soup version 0.19.4 (webtiles) character file.

4028 Jerry the Grappler (level 10, 0/100 HPs)
             Began as a Troll Monk on Jan 30, 2017.
             Slain by a warg (6 damage)
             ... on level 9 of the Dungeon.
             The game lasted 00:16:44 (6407 turns).

Jerry the Grappler (Troll Monk)                     Turns: 6407, Time: 00:16:44

Health: 0/100      AC:  9    Str: 24    XL:     10   Next: 4%
Magic:  9/9        EV: 14    Int:  6    God:
Gold:   360        SH:  0    Dex: 15    Spells: 0 memorised, 9 levels left

rFire  . . .     SeeInvis .       - Unarmed
rCold  . . .     Gourm    +     a - +1 robe
rNeg   . . .     Faith    .     (no shield)
rPois  .         Spirit   .     v - +2 hat
rElec  .         Reflect  .     (no cloak)
rCorr  .         Harm     +     (gloves unavailable)
MR     .....                    (boots unavailable)
Stlth  ++........               h - amulet of harm
                                e - +1 ring of protection
                                K - +3 ring of strength

@: no status effects
A: unfitting armour, claws 3, fast metabolism 3, gourmand, regeneration 1,
shaggy fur 1, tough skin 2
a: no special abilities


You were on level 9 of the Dungeon.
You were completely stuffed.

You visited 2 branches of the dungeon, and saw 10 of its levels.

You collected 381 gold pieces.
You spent 21 gold pieces at shops.

Inventory:

Armour
 a - a +1 robe (worn)
 v - a +2 hat (worn)
Jewellery
 e - a +1 ring of protection (right claw)
 h - an amulet of harm (around neck)
 w - an uncursed ring of flight
 z - an uncursed ring of protection from fire
 K - a +3 ring of strength (left claw)
Wands
 k - a wand of digging (14/24)
 F - a wand of lightning (10/15)
 I - a wand of disintegration (10/24)
Scrolls
 c - 5 scrolls of enchant weapon
 i - a scroll of fog
 m - a scroll of teleportation
 s - 2 scrolls of remove curse
 t - 2 scrolls of enchant armour
 u - a scroll of immolation
 y - 2 scrolls of amnesia
 C - a scroll of fear
 H - a scroll of magic mapping
 J - 3 scrolls of identify
 L - a scroll of recharging
Potions
 f - 4 potions of curing
 g - a potion of beneficial mutation
 j - 2 potions of cancellation
 l - a potion of resistance
 n - a potion of brilliance
 r - 2 potions of invisibility
 x - a potion of magic {unknown}
 A - 3 potions of flight
 B - a potion of haste
 E - 2 potions of agility {unknown}
Books
 D - a book of Callings

   Spells                             Type                      Level
   a - Summon Small Mammal            Summoning                    1
   b - Call Imp                       Summoning                    2
   c - Call Canine Familiar           Summoning                    3
   d - Summon Guardian Golem          Hexes/Summoning              3
   e - Summon Lightning Spire         Summoning/Air                4
   f - Summon Ice Beast               Ice/Summoning                4
 G - a book of Clouds

   Spells                             Type                      Level
   a - Mephitic Cloud                 Conjuration/Poison/Air       3
   b - Conjure Flame                  Conjuration/Fire             3
   c - Poisonous Cloud                Conjuration/Poison/Air       6
   d - Freezing Cloud                 Conjuration/Ice/Air          6
   e - Ring of Flames                 Charms/Fire                  7
Comestibles
 b - 9 bread rations
 d - 6 meat rations
 o - a royal jelly
 p - a slice of pizza
 q - 5 fruits
 M - 3 chunks of flesh


   Skills:
 + Level 6.4 Fighting
 + Level 6.6 Dodging
 - Level 1.0 Stealth
 * Level 10.7 Unarmed Combat


You had 9 spell levels left.
You didn't know any spells.

Dungeon Overview and Level Annotations

Branches:
Dungeon (9/15)             Temple (1/1) D:6            Lair (0/6) D:9
    Orc (0/2) D:9

Altars:
Ashenzari
Cheibriados
Dithmenos
Elyvilon
Fedhas
Gozag
Hepliaklqana
Kikubaaqudgha
Makhleb
Nemelex Xobeh
Okawaru
Qazlal
Ru
Sif Muna
Trog
Uskayaw
Vehumet
Xom
Yredelemnul
Zin
The Shining One

Shops:
D:7 %   D:8 *


Innate Abilities, Weirdness & Mutations

You are too large for most types of armour.
You have claws for hands.
Your metabolism is lightning-fast.
You like to eat raw meat.
Your natural rate of healing is unusually fast.
You are covered in fur. (AC +1)
You have very tough skin. (AC +2)


Message History

The warg bites you!
There is a stone staircase leading down here.
The warg bites you! The warg bites you but does no damage.
The warg closely misses you. The warg bites you! The warg bites you.
The warg closely misses you. The warg barely misses you.
As you read the scroll of teleportation, it crumbles to dust.
You feel strangely unstable. The warg bites you! The warg barely misses you.
The warg bites you. The warg bites you! The warg bites you but does no damage.
The warg closely misses you.
Your surroundings seem slightly different.
The warg barely misses you. The warg bites you!
* * * LOW HITPOINT WARNING * * *
The orc barely misses you. The wight closely misses you.
You claw the warg!
The warg is moderately wounded.
The warg bites you!
* * * LOW HITPOINT WARNING * * *
The warg bites you.
You die...

.... .......Z....# ....
.........>..#
....##########...#
....#........#...#
....#........#...#
#####........#..Z#
#####........#..z#
#...#........#.oz#
#...#........#.h@#
#...#........#.hh#
#...#........#...#
#...#........#...#
#...#........#...#
#...#........#...#######
#'###........#...#.....#
#...#........#...#.....#
#...#.##.....#...#.....#


You could see 3 wargs, 2 wights, an orc and an adder skeleton.

Vanquished Creatures
  Pikel (D:4)
  The ghost of droidenko the Slasher, a novice MiFi (D:5)
  Prince Ribbit (D:6)
  Grinder (D:4)
  A wyvern (D:9)
  Eustachio (D:6)
  A hungry ghost (D:7)
  A warg (D:9)
  Duvessa (D:6)
  An orc warrior (D:7)
  4 ice beasts
  4 ogres
  A centaur (D:7)
  A gnoll sergeant (D:8)
  The ghost of Kiturien the Sneak, an amateur SpEn (D:3)
  A bullfrog (D:7)
  Dowan (D:6)
  A wight (D:7)
  A bullfrog zombie (D:9)
  3 crimson imps
  2 centaur zombies
  2 hounds (D:8)
  A jelly (D:6)
  3 orc wizards
  2 orc priests
  A bullfrog skeleton (D:8)
  2 centaur skeletons
  2 iguanas
  5 worker ants
  A killer bee zombie (D:6)
  A hound zombie (D:7)
  9 gnolls
  8 adders
  4 shadow imps
  An ooze (D:4)
  An adder skeleton (D:9)
  An adder zombie (D:8)
  6 worms
  5 leopard geckos
  23 orcs
  A ball python (D:4)
  8 giant cockroaches
  5 goblins
  6 hobgoblins
  11 jackals
  5 kobolds (D:1)
  6 quokkas
  5 bats
  2 frilled lizards
  A jackal skeleton (D:4)
  11 rats
169 creatures vanquished.

Vanquished Creatures (others)
  3 plants (D:9)
3 creatures vanquished.

Grand Total: 172 creatures vanquished

Notes
Turn   | Place    | Note
-------+----------+-------------------------------------------
     0 | D:1      | Jerry the Troll Monk began the quest for the Orb.
     0 | D:1      | Reached XP level 1. HP: 22/22 MP: 0/0
   280 | D:1      | Reached XP level 2. HP: 29/29 MP: 1/1
   773 | D:2      | Reached XP level 3. HP: 28/36 MP: 2/2
  1553 | D:3      | Noticed Kiturien's ghost (amateur SpEn)
  1571 | D:3      | Killed Kiturien's ghost
  1571 | D:3      | Reached skill level 4 in Unarmed Combat
  1571 | D:3      | Reached XP level 4. HP: 44/45 MP: 3/3
  1791 | D:3      | Found a sacrificial altar of Ru.
  2091 | D:3      | Reached XP level 5. HP: 52/53 MP: 4/4
  2267 | D:4      | Noticed an ogre
  2276 | D:4      | Killed an ogre
  2276 | D:4      | Reached skill level 5 in Unarmed Combat
  2485 | D:4      | Reached XP level 6. HP: 61/61 MP: 5/5
  2531 | D:4      | Noticed Grinder
  2548 | D:4      | Killed Grinder
  2680 | D:4      | Reached skill level 6 in Unarmed Combat
  2943 | D:4      | Noticed a slave
  2944 | D:4      | Noticed Pikel
  2944 | D:4      | Noticed a slave
  2944 | D:4      | Noticed a slave
  2944 | D:4      | Noticed a slave
  2967 | D:4      | Killed Pikel
  2967 | D:4      | Reached skill level 7 in Unarmed Combat
  2967 | D:4      | Reached XP level 7. HP: 32/71 MP: 6/6
  3047 | D:5      | Entered Level 5 of the Dungeon
  3098 | D:5      | Found an iron altar of Okawaru.
  3105 | D:5      | Got a crude mace
  3106 | D:5      | Identified the cursed +0 mace of Regicide {crush, rPois MR+} (You found it on level 5 of the Dungeon)
  3201 | D:5      | Reached XP level 8. HP: 45/79 MP: 7/7
  3287 | D:5      | Found a radiant altar of Vehumet.
  3288 | D:5      | Found a burning altar of Makhleb.
  3389 | D:5      | Found a deep blue altar of Sif Muna.
  3427 | D:5      | Noticed droidenko's ghost (novice MiFi)
  3520 | D:5      | Killed droidenko's ghost
  3643 | D:6      | Found a burning altar of Makhleb.
  3643 | D:6      | Noticed Duvessa
  3643 | D:6      | Noticed Dowan
  3650 | D:6      | Killed Duvessa
  3650 | D:6      | Reached skill level 5 in Fighting
  3650 | D:6      | Reached skill level 5 in Dodging
  3650 | D:6      | Reached skill level 8 in Unarmed Combat
  3657 | D:6      | Killed Dowan
  3726 | D:6      | Found a staircase to the Ecumenical Temple.
  3735 | Temple   | Entered the Ecumenical Temple
  4059 | D:6      | Noticed Eustachio
  4070 | D:6      | Noticed Prince Ribbit
  4074 | D:6      | Killed Eustachio
  4134 | D:6      | Found a stormy altar of Qazlal.
  4166 | D:6      | Killed Prince Ribbit
  4263 | D:6      | Reached XP level 9. HP: 82/88 MP: 8/8
  4482 | D:6      | Reached skill level 9 in Unarmed Combat
  4907 | D:7      | Found Qooph's Food Shoppe.
  5479 | D:8      | Reached skill level 10 in Unarmed Combat
  5502 | D:8      | Found Zioroah's Assorted Antiques.
  5520 | D:8      | Bought a scroll labeled BAB TONLONI for 21 gold pieces
  6068 | D:9      | Found a staircase to the Lair.
  6069 | D:9      | Noticed a komodo dragon
  6234 | D:9      | Reached XP level 10. HP: 93/100 MP: 9/9
  6387 | D:9      | Found a staircase to the Orcish Mines.
  6407 | D:9      | Slain by a warg

Skill      XL: |  1  2  3  4  5  6  7  8  9 |
---------------+----------------------------+-----
Fighting       | 3 4 5 6 |  6.4
Dodging        | 3 4 5 6 |  6.6
Unarmed Combat | 4 5 7 8 10 | 10.7
Stealth        | |  1.0

Action                   |  1- 3 |  4- 6 |  7- 9 | 10-12 || total
-------------------------+-------+-------+-------+-------++-------
Melee: Unarmed           |   131 |   111 |   265 |     9 ||   516
       Punch             |     2 |     1 |    10 |       ||    13
       Mace              |       |       |    62 |       ||    62
  Use: Scroll            |       |       |    21 |     1 ||    22
 Stab: Sleeping          |     7 |     1 |     4 |       ||    12
  Eat: Chunk             |    19 |    12 |    38 |     2 ||    71
Armor: Robe              |    38 |    18 |    90 |     4 ||   150
Dodge: Dodged            |    72 |    46 |   157 |    19 ||   294
